 Dungeon Crawl Stone Soup version 0.29.1-1-gd02db69 (webtiles) character file.

Game seed: 12805841258015074466

62 Vaargak the Ruffian (level 3, -4/28 HPs)
             Began as a Draconian Transmuter on Sept 24, 2022.
             Slain by Sigmund
             ... wielding a +0 scythe
              (8 damage)
             ... on level 2 of the Dungeon.
             The game lasted 00:16:06 (1755 turns).

Vaargak the Ruffian (Draconian Transmuter)          Turns: 1755, Time: 00:16:07

Health: -4/28      AC:  5    Str: 14    XL:     3   Next: 85%
Magic:  4/6        EV: 12    Int: 13    God:
Gold:   94         SH:  0    Dex:  9    Spells: 3/6 levels left

rFire   . . .      SeeInvis .     - Unarmed
rCold   . . .      Faith    .   (no shield)
rNeg    . . .      Spirit   .   (body armour unavailable)
rPois   .          Reflect  .   (helmet restricted)
rElec   .          Harm     .   (no cloak)
rCorr   .          Rampage  .   (no gloves)
Will    .....                   (no boots)
Stlth   ++........              (no amulet)
HPRegen 0.09/turn               (no ring)
MPRegen 0.10/turn               (no ring)

@: wereblooded
A: AC +5, unfitting armour, cold-blooded, camouflage 1, clumsy 1, screaming 1,
wild magic 1
a: no special abilities


You were on level 2 of the Dungeon.
You visited 1 branch of the dungeon, and saw 2 of its levels.

You collected 94 gold pieces.

Inventory:

Scrolls
 c - 2 scrolls of teleportation
Potions
 a - a potion of lignification
 b - 2 potions of haste
 d - a potion of berserk rage {unknown}


   Skills:
 + Level 1.3 Fighting
 + Level 2.3 Dodging
 + Level 0.4 Stealth
 + Level 4.0 Unarmed Combat
 + Level 2.2 Spellcasting
 + Level 2.2 Transmutations


You had 3 spell levels left.
You knew the following spells:

 Your Spells              Type           Power      Damage    Failure   Level
a - Beastly Appendage     Tmut           18%        N/A       14%         1
b - Wereblood             Tmut           9%         N/A       22%         2

Your spell library contained the following spells:

 Spells                   Type           Power      Damage    Failure   Level
 Spider Form              Tmut/Pois      5%         N/A       52%         3
 Ice Form                 Ice/Tmut       5%         N/A       88%         4


Dungeon Overview and Level Annotations

Branches:
Dungeon (2/15)

Altars:

Annotations:
D:2 Sigmund


Innate Abilities, Weirdness & Mutations

Your plain brown scales are hard. (AC +5)
You cannot fit into any form of body armour.
You are cold-blooded and may be slowed by cold attacks.
Your skin changes colour to match your surroundings (Stealth+).
You are clumsy. (Dex -2)
You occasionally shout uncontrollably at your foes.
Your spells are a little harder to cast, but a little more powerful.


Message History

A frilled lizard comes into view.
Found 11 gold pieces.
You see here a dark potion.
Found a ring mail.
The frilled lizard hisses angrily.
You barely miss the frilled lizard.
Your tail-slap misses the frilled lizard.
The frilled lizard closely misses you.
You miss the frilled lizard.
Your tail-slap misses the frilled lizard.
The frilled lizard completely misses you.
You barely miss the frilled lizard.
Your tail-slap misses the frilled lizard.
The frilled lizard misses you.
You hit the frilled lizard.
You kill the frilled lizard!
d - a dark potion
There is an open door here.
You now have 94 gold pieces (gained 11).
There is an open door here.
Sigmund and a hobgoblin come into view.
The hobgoblin shouts!
You hear a shout!
An ogre comes into view. It is wielding a +0 giant club.
The ogre shouts!
Sigmund says, "I'm your fate."
Sigmund hits you from afar with a +0 scythe.
Casting: Wereblood (safe; 22% risk of failure)
Confirm with . or Enter, or press ? or * to list all spells.
Your blood is infused with primal strength.
The hobgoblin hits you. Sigmund misses you.
You barely miss the hobgoblin.
Your tail-slap misses the hobgoblin.
The ogre hits you with a +0 giant club!
Ouch! That really hurt!
* * * LOW HITPOINT WARNING * * *
The hobgoblin hits you.
* * * LOW HITPOINT WARNING * * *
You punch the hobgoblin!
You feel a bit better.
You kill the hobgoblin!
Sigmund hits you from afar with a +0 scythe!
You die...

********* #............#.###.
,,,,,,,,* #.......##...#.....
,,,,,,,,* #.......##.#..####.
,,,,,,,,*##***#.......##,#.......
,,,,,,,,,...,,#.......##.##.####.
,,,,,,,,,....,#.......##.........
******,,,.....#.......######.###.
*,,,......O......# #.......
*,,,.....@[@.##### #.......
*,,,.........# #.......
******,,,.....##'## #.......
,,,,,,,,,.....,..# #.......
*****############# #.......
#...........# #.......
######.#########.# #.......
.......# #.# #....... ########
#.# ########


You could see an ogre and Sigmund.

Vanquished Creatures
  Natasha (D:2)
  2 bats (D:2)
  4 endoplasms
  A giant cockroach (D:1)
  A goblin (D:1)
  5 hobgoblins
  9 jackals (D:1)
  A quokka (D:2)
  4 ball pythons
  3 frilled lizards
  A kobold (D:1)
  2 rats
34 creatures vanquished.

Notes
Turn   | Place    | Note
-------+----------+-------------------------------------------
     0 | D:1      | Vaargak the Draconian Transmuter began the quest for the
                  | Orb.
     0 | D:1      | Reached XP level 1. HP: 16/16 MP: 3/3
   425 | D:1      | Reached XP level 2. HP: 23/23 MP: 5/5
   725 | D:1      | Reached XP level 3. HP: 21/28 MP: 6/6
  1172 | D:2      | Learned a level 2 spell: Wereblood
  1320 | D:2      | Gained mutation: You occasionally shout uncontrollably at
                  | your foes. [potion of mutation]
  1320 | D:2      | Gained mutation: You are clumsy. (Dex -2) [potion of
                  | mutation]
  1320 | D:2      | Gained mutation: Your skin changes colour to match your
                  | surroundings (Stealth+). [potion of mutation]
  1320 | D:2      | Gained mutation: Your spells are a little harder to cast,
                  | but a little more powerful. [potion of mutation]
  1428 | D:2      | Noticed Natasha
  1449 | D:2      | Killed Natasha
  1450 | D:2      | Reached skill level 4 in Unarmed Combat
  1744 | D:2      | Noticed Sigmund
  1749 | D:2      | Noticed an ogre
  1755 | D:2      | Slain by Sigmund

Illustrated notes

Levels and vault maps discovered:
D:1:      dpeg_arrival_short_road, layout_loops_cross
D:2:      layout_basic, serial_shops, shop, uniq_natasha, uniq_sigmund

Skill      XL: |  1  2  3 |
---------------+----------+-----
Dodging        | 2 |  2.3
Unarmed Combat | 4 |  4.0
Fighting       | |  1.3
Stealth        | |  0.4
Spellcasting   | |  2.2
Transmutations | |  2.2

Action                   || total
-------------------------++-------
Melee: Unarmed           ||   121
       Tailslap          ||     7
       Punch             ||     2
       Kick              ||     6
       Headbutt          ||     2
 Cast: Beastly Appendage ||     9
       Wereblood         ||     5
  Use: Scroll            ||     7
       Potion            ||     5
 Stab: Sleeping          ||     1
Armor: Skin              ||    48
Dodge: Dodged            ||    97
